 Dungeon Crawl Stone Soup version 0.23-a0-378-gd7a6ca6 (webtiles) character file.

108 tilp the Chiller (level 4, 0/30 HPs)
             Began as a Merfolk Ice Elementalist on Oct 27, 2018.
             Shot with an arrow by a centaur (9 damage)
             ... on level 3 of the Dungeon.
             The game lasted 00:06:57 (2985 turns).

tilp the Chiller (Merfolk Ice Elementalist)         Turns: 2985, Time: 00:06:57

Health: 0/30       AC:  9    Str:  8    XL:     4   Next: 87%
Magic:  0/7        EV: 12    Int: 15    God:
Gold:   145        SH:  0    Dex: 14    Spells: 1/7 levels left

rFire    . . .     SeeInvis .   k - +4 dagger
rCold    . . .     Gourm    .   (no shield)
rNeg     . . .     Faith    .   n - +0 leather armour (curse)
rPois    .         Spirit   .   (no helmet)
rElec    .         Reflect  .   (no cloak)
rCorr    .         Harm     .   p - +0 pair of gloves
MR       .....                  (no boots)
Stlth    ++........             (no amulet)
HPRegen  0.10/turn              (no ring)
MPRegen  0.10/turn              (no ring)

@: icy armour
A: change form in water, swift swim, stealthy swim
a: no special abilities


You were on level 3 of the Dungeon.
You were not hungry.

You visited 1 branch of the dungeon, and saw 3 of its levels.

You collected 145 gold pieces.

Inventory:

Hand Weapons
 i - a +0 spear
 k - a +4 dagger (weapon)
Missiles
 m - 13 tomahawks (quivered)
Armour
 a - a +0 robe
 n - a cursed +0 leather armour (worn)
 p - a +0 pair of gloves (worn)
Scrolls
 d - a scroll of enchant armour {unknown}
 e - 2 scrolls of identify {unknown}
 f - a scroll of fog {unknown}
 g - 2 scrolls of remove curse {unknown}
Potions
 b - 3 potions of curing {unknown}
 h - a potion of heal wounds {unknown}
 j - a potion of flight {unknown}
 l - a potion of lignification {unknown}
 o - 2 potions of agility {unknown}
Comestibles
 c - 6 rations
 q - 4 chunks of flesh


   Skills:
 + Level 2.6 Polearms
 - Level 2.6 Dodging
 - Level 2.1 Stealth
 - Level 2.0 Spellcasting
 - Level 0.7 Conjurations
 * Level 5.5 Ice Magic


You had one spell level left.
You knew the following spells:

 Your Spells              Type           Power        Failure   Level  Hunger
a - Freeze                Ice            ###.         3%          1    #......
b - Throw Frost           Conj/Ice       ##....       14%         2    ###....
c - Ozocubu's Armour      Chrm/Ice       #.......     30%         3    ###....

Your spell library contained the following spells:

 Spells                   Type           Power        Failure   Level  Hunger
 Throw Icicle             Conj/Ice       ##......     65%         4    #####..
 Summon Ice Beast         Ice/Summ       #.......     71%         4    #####..


Dungeon Overview and Level Annotations

Branches:
Dungeon (3/15)

Altars:


Message History

Casting: Freeze (safe; 3% risk of failure)
Confirm with . or Enter, or press ? or * to list all spells.
A film of ice covers your body!
You start resting.
The centaur is too close now for your liking.
Casting: Ozocubu's Armour (safe; 30% risk of failure)
Confirm with . or Enter, or press ? or * to list all spells.
Aiming: Throw Frost (safe; 14% risk of failure)
Press: ? - help, Shift-Dir - straight line, f/p - centaur
Aim: a centaur, wielding a +0 shortbow The puff of frost misses the centaur.
The centaur shoots an arrow.
The arrow closely misses you.
Casting: Throw Frost (safe; 14% risk of failure)
Confirm with . or Enter, or press ? or * to list all spells.
Aiming: Throw Frost (safe; 14% risk of failure)
Press: ? - help, Shift-Dir - straight line, f/p - centaur
Aim: a centaur, wielding a +0 shortbow The puff of frost misses the centaur.
The centaur shoots an arrow.
The arrow hits you!
You die...

#.≈.≈.≈.≈.≈.≈
#.(♣...♣...♣.
#(#.≈.≈.≈.≈.≈
#.###########
#(# ###
#.########.#
#.c.....c(.#
#########(.#
#@.# #..#
#.(# #..# #.
#..# #. #..#
######.##
#..#
##........
#..#
##.........
#..#
#..........


You could see a centaur.

Vanquished Creatures
  2 adders (D:2)
  An ooze (D:2)
  3 worms
  2 dart slugs
  2 leopard geckos
  6 orcs (D:3)
  A ball python (D:3)
  7 bats
  4 giant cockroaches
  5 goblins (D:1)
  8 hobgoblins
  3 jackals (D:1)
  2 kobolds
  2 quokkas (D:2)
  8 frilled lizards
  6 rats
62 creatures vanquished.

Notes
Turn   | Place    | Note
-------+----------+-------------------------------------------
     0 | D:1      | tilp the Merfolk Ice Elementalist began the quest for the
                  | Orb.
     0 | D:1      | Reached XP level 1. HP: 13/13 MP: 3/3
   102 | D:1      | Reached XP level 2. HP: 19/19 MP: 0/5
   116 | D:1      | Learned a level 2 spell: Throw Frost
   276 | D:1      | Reached skill level 4 in Ice Magic
   744 | D:1      | Reached XP level 3. HP: 24/24 MP: 4/6
   829 | D:1      | Reached skill level 1 in Polearms
  1800 | D:2      | Learned a level 3 spell: Ozocubu's Armour
  1954 | D:2      | Reached skill level 5 in Ice Magic
  1954 | D:2      | Reached XP level 4. HP: 24/30 MP: 5/7
  2646 | D:3      | Noticed a centaur
  2985 | D:3      | Shot with an arrow by a centaur

Vault maps used:
D:1:      sevenhm_arrival_forest_fort_small_3
D:2:      first_ration
D:3:      nrook_campfire, minmay_tree_intersection, kennysheep_crisscross,
          uniq_sigmund

Skill      XL: |  1  2  3 |
---------------+----------+-----
Ice Magic      | 4 5 |  5.5
Polearms       | 2 |  2.6
Dodging        | |  2.6
Stealth        | |  2.1
Spellcasting   | |  2.0
Conjurations   | |  0.7

Action                   |  1- 3 |  4- 6 || total
-------------------------+-------+-------++-------
Melee: Spear             |    12 |       ||    12
       Dagger            |    55 |    16 ||    71
Throw: Tomahawk          |       |     8 ||     8
 Cast: Freeze            |    31 |    22 ||    53
       Throw Frost       |     1 |     6 ||     7
       Ozocubu's Armour  |       |     2 ||     2
 Stab: Sleeping          |     4 |     2 ||     6
  Eat: Chunk             |     4 |     4 ||     8
Armor: Robe              |     4 |       ||     4
       Leather armour    |     5 |     8 ||    13
Dodge: Dodged            |    48 |    20 ||    68

Table legend:
 A = Non-vault XP
 B = Vault XP
 C = Vault XP percentage of total XP
 D = Non-vault monster count
 E = Vault monster count
 F = Vault count percentage of total count
                 A         B        C        D         E       F
            +---------+---------+-------+---------+---------+-------
      Total |     155 |       0 |   0.0 |      62 |       0 |   0.0
            +---------+---------+-------+---------+---------+-------
        D:1 |      55 |       0 |   0.0 |      31 |       0 |   0.0
        D:2 |      72 |       0 |   0.0 |      21 |       0 |   0.0
        D:3 |      28 |       0 |   0.0 |      10 |       0 |   0.0
            +---------+---------+-------+---------+---------+-------
